 Dungeon Crawl Stone Soup version 0.29.0-4-gdea44cf6ec (webtiles) character file.

Game seed: 15226678942546744582

40 qw the Sneak (level 3, 0/29 HPs)
             Began as a Ghoul Enchanter on Sept 6, 2022.
             Slain by a gnoll
             ... wielding a +0 flail
              (2 damage)
             ... on level 3 of the Dungeon.
             The game lasted 00:01:01 (2962 turns).

qw the Sneak (Ghoul Enchanter)                      Turns: 2962, Time: 00:01:01

Health: 0/29       AC:  9    Str: 13    XL:     3   Next: 50%
Magic:  4/4        EV:  5    Int: 10    God:
Gold:   144        SH:  0    Dex:  9    Spells: 5/5 levels left

rFire   . . .      SeeInvis .   d - +0 short sword (speed)
rCold   + . .      Faith    .   (no shield)
rNeg    + + +      Spirit   .   e - +0 chain mail
rPois   inf        Reflect  .   (no helmet)
rElec   .          Harm     .   f - +0 cloak
rCorr   .          Rampage  .   (no gloves)
Will    .....                   (no boots)
Stlth   ..........              (no amulet)
HPRegen 0.00/turn               (no ring)
MPRegen 0.09/turn               (no ring)

@: inhibited regen
A: claws 1, cold resistance 1, negative energy resistance 3, inhibited
regeneration, torment resistance 2, devour on kill
a: no special abilities


You were on level 3 of the Dungeon.
You visited 1 branch of the dungeon, and saw 3 of its levels.

You collected 144 gold pieces.


Innate Abilities, Weirdness & Mutations

You are immune to poison.
You have sharp fingernails.
Your flesh is cold resistant. (rC+)
You are immune to negative energy. (rN+++)
You do not regenerate when monsters are visible.
You are immune to unholy pain and torment.
You thrive by killing the living.


   Skills:
 - Level 1.8 Fighting
 - Level 0.8 Short Blades
 - Level 2.0 Axes
 + Level 0.3 Armour
 - Level 1.7 Dodging
 - Level 3.2 Stealth
 - Level 1.7 Spellcasting
 - Level 2.4 Hexes


You had 5 spell levels left.
You didn't know any spells.
Your spell library contained the following spells:

 Spells                   Type           Power      Damage    Failure   Level
 Ensorcelled Hibernation  Hex/Ice        6%         N/A       100%        2
 Confusing Touch          Hex            5%         N/A       100%        3
 Dazzling Flash           Conj/Hex       6%         N/A       100%        3
 Tukima's Dance           Hex            5%         N/A       100%        3

Inventory:

Hand Weapons
 d - a +0 short sword of speed (weapon)
Missiles
 b - 3 javelins (quivered)
Armour
 e - a +0 chain mail (worn)
 f - a +0 cloak (worn)
Scrolls
 g - a scroll of identify
Potions
 a - a potion of magic {unknown}
 c - 2 potions of degeneration {unknown}

Dungeon Overview and Level Annotations

Branches:
Dungeon (3/15)

Altars:


Message History

2947 ||| Stepping ~*~*~tactically~*~*~ (outnumbered).
2948 ||| Stepping ~*~*~tactically~*~*~ (outnumbered).
2949 ||| Stepping ~*~*~tactically~*~*~ (outnumbered).
2950 ||| Stepping ~*~*~tactically~*~*~ (hiding).
The gnoll attacks as you move away! The gnoll hits you but does no damage.
You closely miss the gnoll. The gnoll hits you with a +0 flail.
You hit the gnoll but do no damage. You hit the gnoll.
The gnoll is lightly wounded.
The gnoll hits you with a +0 flail.
You barely miss the gnoll.
The gnoll is lightly wounded.
The gnoll hits you from afar with a +0 spear.
The gnoll hits you but does no damage.
You hit the gnoll but do no damage.
The gnoll is lightly wounded.
You hit the gnoll.
The gnoll is lightly wounded.
The gnoll completely misses you. The gnoll hits you but does no damage.
You hit the gnoll but do no damage.
The gnoll is lightly wounded.
The gnoll hits you with a +0 flail.
The gnoll hits you from afar with a +0 spear.
You barely miss the gnoll.
The gnoll is lightly wounded.
You closely miss the gnoll.
The gnoll is lightly wounded.
The gnoll hits you from afar with a +0 spear.
The gnoll hits you with a +0 flail.
You hit the gnoll but do no damage.
The gnoll is lightly wounded.
The gnoll hits you but does no damage. The gnoll hits you with a +0 flail.
You hit the gnoll.
The gnoll is moderately wounded.
You completely miss the gnoll.
The gnoll is moderately wounded.
The gnoll hits you from afar with a +0 spear.
The gnoll hits you with a +0 flail.
You die...

############
#..........#
#..........#
#..[.......#
#..........#
######..........##
#.................
#@####..........##
#g###############
#gg..g.........
#.#...#...#...#
#..............
###...#...#...#
#.............
#############


You could see 3 gnolls.

Vanquished Creatures
  2 worms (D:2)
  3 bats (D:1)
  An endoplasm (D:2)
  5 goblins
  3 hobgoblins
  3 quokkas
  4 ball pythons
  3 frilled lizards
  2 kobolds
  6 rats
32 creatures vanquished.

Notes
Turn   | Place    | Note
-------+----------+-------------------------------------------
     0 | D:1      | qw the Ghoul Enchanter began the quest for the Orb.
     0 | D:1      | Reached XP level 1. HP: 14/14 MP: 2/2
     0 | D:1      | 0 ||| qw: Version: 0.1-a-108-g9e35731
     0 | D:1      | 0 ||| qw: Game counter: 6328
     0 | D:1      | 0 ||| qw: Always use a shield: true
     0 | D:1      | 0 ||| qw: God list: Okawaru
     0 | D:1      | 0 ||| qw: Allow faded altars: false
     0 | D:1      | 0 ||| qw: Do Orc after D:15 true
     0 | D:1      | 0 ||| qw: Do second Lair branch before Depths: true
     0 | D:1      | 0 ||| qw: Lair rune preference: random
     0 | D:1      | 0 ||| qw: Plans: Normal
     0 | D:1      | 0 ||| PLANNING D:1-11
    90 | D:1      | 90 ||| Stepping ~*~*~tactically~*~*~ (outnumbered).
    94 | D:1      | 94 ||| Stepping ~*~*~tactically~*~*~ (outnumbered).
    95 | D:1      | 95 ||| Stepping ~*~*~tactically~*~*~ (outnumbered).
    96 | D:1      | 96 ||| Stepping ~*~*~tactically~*~*~ (outnumbered).
    98 | D:1      | 98 ||| Stepping ~*~*~tactically~*~*~ (outnumbered).
    99 | D:1      | 99 ||| Stepping ~*~*~tactically~*~*~ (outnumbered).
   103 | D:1      | Reached skill level 1 in Axes
   182 | D:1      | 182 ||| Stepping ~*~*~tactically~*~*~ (stealth).
   273 | D:1      | Reached XP level 2. HP: 22/22 MP: 3/3
   284 | D:1      | Reached skill level 1 in Fighting
   895 | D:1      | 895 ||| SWAPPING to +0 club.
   896 | D:1      | 896 ||| DROPPING +1 dagger.
  1468 | D:1      | 1468 ||| UPGRADING to +0 ring mail.
  1478 | D:1      | 1478 ||| DROPPING +0 robe.
  1479 | D:1      | 1479 ||| UPGRADING to +0 chain mail.
  1489 | D:1      | 1489 ||| DROPPING +0 ring mail.
  1490 | D:1      | 1490 ||| DROPPING amulet of magic regeneration.
  1491 | D:1      | 1491 ||| READING scroll labelled JYSTRE HUOHACOCH.
  1492 | D:1      | 1492 ||| READING 2 scrolls labelled BANIYM UGGI.
  1493 | D:1      | 1493 ||| READING scroll labelled SONEAT QUWN.
  1494 | D:1      | 1494 ||| DROPPING 2 potions of invisibility.
  1926 | D:2      | Reached XP level 3. HP: 28/28 MP: 4/4
  2156 | D:2      | 2156 ||| SWAPPING to +0 short sword of speed.
  2157 | D:2      | 2157 ||| DROPPING +0 club.
  2694 | D:2      | Found a faded altar of an unknown god.
  2722 | D:2      | 2722 ||| UPGRADING to +0 cloak.
  2727 | D:2      | 2727 ||| READING scroll labelled MAG RITRUATEK.
  2728 | D:2      | 2728 ||| READING scroll labelled JYHIFR FUFRO.
  2787 | D:3      | 2787 ||| Stepping ~*~*~tactically~*~*~ (stealth).
  2796 | D:3      | 2796 ||| Stepping ~*~*~tactically~*~*~ (stealth).
  2799 | D:3      | 2799 ||| Stepping ~*~*~tactically~*~*~ (stealth).
  2942 | D:3      | 2942 ||| Stepping ~*~*~tactically~*~*~ (outnumbered).
  2943 | D:3      | 2943 ||| Stepping ~*~*~tactically~*~*~ (outnumbered).
  2946 | D:3      | 2946 ||| Stepping ~*~*~tactically~*~*~ (outnumbered).
  2947 | D:3      | 2947 ||| Stepping ~*~*~tactically~*~*~ (outnumbered).
  2948 | D:3      | 2948 ||| Stepping ~*~*~tactically~*~*~ (outnumbered).
  2949 | D:3      | 2949 ||| Stepping ~*~*~tactically~*~*~ (outnumbered).
  2950 | D:3      | 2950 ||| Stepping ~*~*~tactically~*~*~ (hiding).
  2959 | D:3      | HP: 6/29 [gnoll/+0 flail (4)]
  2962 | D:3      | HP: 2/29 [gnoll/+0 spear (2)]
  2962 | D:3      | Slain by a gnoll

Levels and vault maps discovered:
D:1:      wheals_arrival_shading, layout_basic, hex_tiny
D:2:      layout_basic, shapermc_ecumenical_altar_totnotflames
D:3:      layout_rooms, lemuel_coloured_pillars_altar, uniq_natasha

Skill      XL: |  1  2 |
---------------+-------+-----
Axes           | 1 2 |  2.0
Fighting       | 1 |  1.8
Short Blades   | |  0.8
Armour         | |  0.3
Dodging        | |  1.7
Stealth        | |  3.2
Spellcasting   | |  1.7
Hexes          | |  2.4

Action                   || total
-------------------------++-------
Melee: Dagger            ||    57
       Club              ||    60
       Punch             ||     1
       Short sword       ||    50
Throw: Javelin           ||    13
  Use: Scroll            ||     5
Armor: Robe              ||    12
       Chain mail        ||    37
Dodge: Dodged            ||    83

Table legend:
 A = Non-vault XP
 B = Vault XP
 C = Vault XP percentage of total XP
 D = Non-vault monster count
 E = Vault monster count
 F = Vault count percentage of total count
                 A         B        C        D         E       F
            +---------+---------+-------+---------+---------+-------
      Total |      58 |       0 |   0.0 |      32 |       0 |   0.0
            +---------+---------+-------+---------+---------+-------
        D:1 |      25 |       0 |   0.0 |      16 |       0 |   0.0
        D:2 |      27 |       0 |   0.0 |      12 |       0 |   0.0
        D:3 |       6 |       0 |   0.0 |       4 |       0 |   0.0
            +---------+---------+-------+---------+---------+-------
